 Dungeon Crawl Stone Soup version 0.30-a0-557-ge2afbf3030 (webtiles) character file.

Game seed: 10976561557994839347

9 sokol815 the Sneak (level 2, 0/19 HPs)
             Began as a Kobold Delver on Dec 27, 2022.
             Succumbed to an adder's poison
             ... on level 4 of the Dungeon.
             The game lasted 00:01:27 (383 turns).

sokol815 the Sneak (Kobold Delver)                   Turns: 383, Time: 00:01:27

Health: 0/19       AC:  3    Str:  9    XL:     2   Next: 20%
Magic:  11/11      EV: 14    Int: 11    God:
Gold:   57         SH:  0    Dex: 16    Spells: 1/1 levels left

rFire   . . .      SeeInvis .    a - +0 short sword
rCold   . . .      Faith    .    (no shield)
rNeg    . . .      Spirit   .    b - +0 leather armour
rPois   .          Reflect  .    (no helmet)
rElec   .          Harm     .    (no cloak)
rCorr   .          Rampage  .    (no gloves)
Will    .....                    (no boots)
Stlth   ++++                     (no amulet)
HPRegen 0.23/turn                e - ring of magical power {MP+9}
MPRegen 0.12/turn                (no ring)

@: brilliant, lethally poisoned (0 -> -3)
A: small, no large weapons, nightstalker 3
a: no special abilities


You were on level 4 of the Dungeon.
You visited 1 branch of the dungeon, and saw 2 of its levels.

You collected 57 gold pieces.

Inventory:

Hand Weapons
 a - a +0 short sword (weapon)
Armour
 b - a +0 leather armour (worn)
Jewellery
 e - a ring of magical power (left hand) {MP+9}
   (You found it on level 4 of the Dungeon)
Wands
 d - a wand of digging (3)
Scrolls
 c - a scroll of fog
 f - a scroll of teleportation {unknown}
 X - a scroll of magic mapping {@r4!r}
Potions
 H - a potion of haste


   Skills:
 - Level 3.2 Fighting
 + Level 3.8 Short Blades
 - Level 2.4 Dodging
 - Level 6.6 Stealth


You had one spell level left.
You didn't know any spells.
Your spell library was empty.

Dungeon Overview and Level Annotations

Branches:
Dungeon (5/15) Zot: 11624
 Temple: D:4-7

Altars:

Shops:
D:5 [

Annotations:
D:4 3 runed translucent doors


Innate Abilities, Weirdness & Mutations

You are small and have problems with some larger weapons.
You are completely attuned to the shadows.


Message History

There is a stone staircase leading up here.
You climb upwards.
Found 8 gold pieces.
Found a stone staircase leading down.
There is a stone staircase leading down here.
You now have 38 gold pieces (gained 8).
e - a ring of magical power {MP+9}
f - a scroll labelled KIVUDE DASHRAO An adder comes into view.
You barely miss the adder.
The adder hisses angrily.
The adder bites you but does no damage.
You hit the adder. The adder barely misses you.
You hit the adder. The adder barely misses you.
You closely miss the adder. The adder bites you but does no damage.
You closely miss the adder. The adder barely misses you.
You barely miss the adder. The adder bites you but does no damage.
You hit the adder. The adder closely misses you.
The adder bites you but does no damage.
You barely miss the adder. The adder bites you but does no damage.
You hit the adder but do no damage. The adder completely misses you.
You closely miss the adder. The adder barely misses you.
You hit the adder but do no damage. The adder barely misses you.
You hit the adder. The adder closely misses you.
You hit the adder.
You kill the adder!
Your Short Blades skill increases to level 3!
You have reached level 2!
Health restored: 19; MP restored: 2 You feel your magic capacity increase.
e - a ring of magical power (left hand) {MP+9} You now have 57 gold pieces (gained 19).
g - a lumpy amethyst potion MP restored: 11
Found a stone staircase leading down.
You see here a +0 ring mail.
An adder comes into view.
The adder hisses angrily.
You hear a shout!
The adder closely misses you.
You closely miss the adder. The adder barely misses you.
You hit the adder. The adder barely misses you.
You miss the adder. The adder barely misses you.
You hit the adder but do no damage. The adder closely misses you.
You hit the adder but do no damage. The adder bites you.
You take 1 damage, and have 18/19 hp.
You closely miss the adder. The adder barely misses you.
You miss the adder. The adder closely misses you. x2
You closely miss the adder. The adder barely misses you.
You hit the adder but do no damage. The adder barely misses you.
You hit the adder. The adder barely misses you.
Health restored: 19 You miss the adder.
The adder closely misses you.
You miss the adder. The adder barely misses you.
You barely miss the adder. The adder bites you but does no damage.
You completely miss the adder. The adder bites you but does no damage.
You hit the adder but do no damage. The adder bites you but does no damage.
You hit the adder. The adder bites you but does no damage.
You closely miss the adder. The adder bites you.
You are poisoned.
The adder poisons you!
You take 4 damage, and have 15/19 hp.
MASSIVE DAMAGE!!
You closely miss the adder.
You feel sick. The adder bites you but does no damage.
You take 2 damage, and have 13/19 hp.
You hit the adder but do no damage.
You feel sick. The adder bites you but does no damage.
You take 1 damage, and have 12/19 hp.
You hit the adder.
You feel sick. The adder closely misses you.
You take 1 damage, and have 11/19 hp.
You are too injured to fight recklessly!
You are too injured to fight recklessly!
You barely miss the adder.
You feel sick. The adder bites you.
You take 1 damage, and have 10/19 hp.
You hit the adder. The adder closely misses you.
You hit the adder but do no damage.
You feel sick. The adder bites you. x2
* * * LOW HITPOINT WARNING * * *
You are lethally poisoned!
The adder poisons you!
You take 6 damage, and have 4/19 hp.
MASSIVE DAMAGE!!
You hit the adder but do no damage.
* * * LOW HITPOINT WARNING * * *
You feel sick. The adder barely misses you.
You take 1 damage, and have 3/19 hp.
Unknown command.
You closely miss the adder.
* * * LOW HITPOINT WARNING * * *
You feel sick. The adder barely misses you.
You take 1 damage, and have 2/19 hp.
You hit the adder but do no damage.
* * * LOW HITPOINT WARNING * * *
You feel sick. The adder barely misses you.
Unknown command.
It was a potion of brilliance.
You feel clever all of a sudden.
* * * LOW HITPOINT WARNING * * *
You feel sick. The adder misses you.
You take 1 damage, and have 1/19 hp.
You miss the adder.
You die...

#.......# ##.......#
###..#.#...#
##...##....##
..#####.....##.#.....
#..............##....
...>.. ........###...
...S.###........##...
#.@..##............
##.#.###.....#..#..
###[.#......####
#........##
##.#.....##
##.........#
#.....##...#
###.####..## #.# ##.#


You could see an adder.

Vanquished Creatures
  An adder (D:4)
1 creature vanquished.

Notes
Turn   | Place    | Note
-------+----------+-------------------------------------------
     0 | D:5      | sokol815 the Kobold Delver began the quest for the Orb.
     0 | D:5      | Reached XP level 1. HP: 14/14 MP: 1/1
    44 | D:5      | Noticed a phantom
    99 | D:5      | Found Holaggoi's Antique Armour Shop.
   157 | D:5      | Noticed a scorpion
   157 | D:5      | Noticed a howler monkey
   217 | D:4      | Found a runed translucent gate.
   218 | D:4      | Found a runed translucent gate.
   220 | D:4      | Found a runed translucent gate.
   237 | D:4      | Reached skill level 3 in Short Blades
   237 | D:4      | Reached XP level 2. HP: 19/19 MP: 2/2
   378 | D:4      | HP: 4/19 [adder (3)]
   382 | D:4      | HP: 1/19 [poisoned by an adder]
   383 | D:4      | Succumbed to an adder's poison

Illustrated notes

Levels and vault maps discovered:
D:4:      layout_cave_pools, minmay_temple_entry_steel_oval, gammafunk_ghost_icy
D:5:      layout_loops_ring, mainiacjoe_overflow_alcove_2,
          nicolae_gozag_cash_rules_everything_around_me, serial_shops, shop,
          nicolae_eternal_life

Skill      XL: |  1 |
---------------+----+-----
Short Blades   | 3 |  3.8
Fighting       | |  3.2
Dodging        | |  2.4
Stealth        | |  6.6

Action                   || total
-------------------------++-------
Melee: Short sword       ||    40
  Use: Scroll            ||     1
       Potion            ||     1
Armor: Leather armour    ||    11
Dodge: Dodged            ||    27

Table legend: (Time is in decaauts)
 A = Elapsed time spent in this place.
 B = Non-inter-level travel time spent in this place.
 C = Inter-level travel time spent in this place.
 D = Time resting spent in this place.
 E = Time spent auto-exploring this place.
 F = Levels seen in this place.
 G = Mean time per level.
                   A        B        C        D        E       F      G
               +--------+--------+--------+--------+--------+-----+--------+
         Total |    375 |    375 |      0 |      0 |    228 |   2 |  187.5 |
       Dungeon |    375 |    375 |      0 |      0 |    228 |   2 |  187.5 |
               +--------+--------+--------+--------+--------+-----+--------+

Top non-repeatable levels by time:
     D:4: 199 daAuts
     D:5: 176 daAuts

Table legend:
 A = Kills in this place as a percentage of kills in entire the game.
 B = Kills by you in this place as a percentage of kills by you in the entire game.
 C = Kills by friends in this place as a percentage of kills by friends in the entire game.
 D = Other kills in this place as a percentage of other kills in the entire game.
 E = Experience gained in this place as a percentage of experience gained in the entire game.
 F = Experience gained in this place divided by the number of levels of this place that you have seen.
                   A       B       C       D       E      F
               +-------+-------+-------+-------+-------+----------------------
         Total | 100.0 | 100.0 |   N/A |   N/A | 100.0 |   6.5
       Dungeon | 100.0 | 100.0 |   N/A |   N/A | 100.0 |   6.5
               +-------+-------+-------+-------+-------+----------------------
